 Dungeon Crawl Stone Soup version 0.27-a0-887-gcab673c142 (webtiles) character file.

Game seed: 266134518013067252

177 mhtbhm the Covered (level 5, -2/22 (47) HPs)
             Began as a Minotaur Fighter on Apr 3, 2021.
             Slain by an orc priest
             ... wielding a +0 flail
              (6 damage)
             ... on level 4 of the Dungeon.
             The game lasted 00:01:52 (1539 turns).

mhtbhm the Covered (Minotaur Fighter)               Turns: 1539, Time: 00:01:53

HP:   -2/22 (47)    AC:  8    Str: 19 (22) XL:     5   Next: 31%
MP:   4/4           EV:  7    Int:  4 (5)  God:
Gold: 132           SH:  9    Dex:  6 (9)  Spells: 4/4 levels left

rFire    . . .     SeeInvis .   a - +0 war axe
rCold    . . .     Faith    .   c - +0 kite shield
rNeg     . . .     Spirit   .   b - +0 scale mail
rPois    .         Reflect  .   (helmet restricted)
rElec    .         Harm     .   (no cloak)
rCorr    .         Rampage  .   h - +0 pair of gloves
Will     .....                  (no boots)
Stlth    ..........             e - amulet of regeneration
HPRegen  1.07/turn              (no ring)
MPRegen  0.09/turn              (no ring)

@: attractive, extremely drained
A: horns 2, retaliatory headbutt
a: no special abilities


You were on level 4 of the Dungeon.
You visited 1 branch of the dungeon, and saw 4 of its levels.

You collected 132 gold pieces.

Inventory:

Hand Weapons
 a - a +0 war axe (weapon)
Missiles
 d - a throwing net
 k - 34 poisoned darts (quivered)
Armour
 b - a +0 scale mail (worn)
 c - a +0 kite shield (worn)
 h - a +0 pair of gloves (worn)
Jewellery
 e - an amulet of regeneration (around neck)
Wands
 p - a wand of digging (7)
Scrolls
 f - 2 scrolls of blinking {unknown}
 m - a scroll of fear {unknown}
 n - a scroll of teleportation {unknown}
 o - a scroll of noise {unknown}
 r - a scroll of immolation {unknown}
Potions
 i - a potion of attraction
 j - 4 potions of lignification {unknown}
 l - a potion of mutation {unknown}
 q - a potion of heal wounds {unknown}


   Skills:
 + Level 4.5 Fighting
 + Level 4.0 Axes
 + Level 5.1 Armour
 + Level 0.3 Dodging
 + Level 4.4 Shields


You had 4 spell levels left.
You didn't know any spells.
Your spell library was empty.

Dungeon Overview and Level Annotations

Branches:
Dungeon (5/15)
 Temple: D:4-7

Altars:
Fedhas
Kikubaaqudgha
Vehumet
Wu Jian
Xom
Zin

Shops:
D:4 [


Innate Abilities, Weirdness & Mutations

You have a pair of horns on your head.
You reflexively headbutt those who attack you in melee.


Message History

You drop a potion of degeneration.
It was a potion of attraction.
You feel attractive to monsters.
Unknown command.
There is a stone staircase leading down here.
You climb downwards.
The orc hits you but does no damage. The centaur zombie hits you.
You block the centaur zombie's attack. The orc hits you but does no damage.
The centaur zombie hits you but does no damage.
The centaur zombie kicks you but does no damage.
The orc priest is pulled toward you! The orc wizard is pulled toward you!
There is a stone staircase leading up here.
The centaur zombie barely misses you. You furiously retaliate!
You headbutt the centaur zombie! You block the centaur zombie's attack.
The orc priest barely misses you. You furiously retaliate!
You headbutt the orc priest, but do no damage.
You block the orc's attack. The orc wizard casts a spell at you.
The puff of flame hits you but does no damage.
You climb upwards.
There is a stone staircase leading down here.
Unknown command.
You slash the orc priest! Your headbutt misses the orc priest.
The orc priest is heavily wounded.
You hit the orc. You slash the orc wizard!
The orc priest invokes the aid of Beogh against you.
Beogh smites you! The orc barely misses you. You furiously retaliate!
You headbutt the orc. You block the orc wizard's attack.
The orc priest calls down the wrath of Beogh upon you.
Pain shoots through your body!
* * * LOW HITPOINT WARNING * * *
Unknown command.
You hit the orc priest.
The orc priest is severely wounded.
You slash the orc!
You kill the orc!
You hit the orc wizard but do no damage.
The orc wizard hits you but does no damage.
The orc priest hits you with a +0 flail.
You die...

######.............#
#.............#
####............# ##
#....#.####.....# .#
###### #....#)# #.....#
.# #....# #....#.#
#.....# .# #....#
####)).# #.....# .#
#....# #...[o####.....#
.# #....#
#.##)@o......###
.###....####.##########.#
............[.........#.#
.#...........#######.##.#
.#.#....###### #.....#
##.#....# #..####
#.#....# #..# #.######
#..# #.# #..#


You could see an orc priest and an orc wizard.

Vanquished Creatures
  A hound (D:4)
  An orc wizard (D:4)
  Ijyb (D:4)
  4 gnolls (D:4)
  A howler monkey skeleton (D:4)
  2 adders (D:4)
  2 orcs (D:4)
  2 endoplasms (D:1)
  2 giant cockroaches
  10 goblins
  2 hobgoblins
  A quokka (D:4)
  3 ball pythons
  2 kobolds
  A rat (D:1)
35 creatures vanquished.

Notes
Turn   | Place    | Note
-------+----------+-------------------------------------------
     0 | D:1      | mhtbhm the Minotaur Fighter began the quest for the Orb.
     0 | D:1      | Reached XP level 1. HP: 19/19 MP: 0/0
   238 | D:1      | Reached XP level 2. HP: 27/27 MP: 1/1
   466 | D:1      | Reached skill level 4 in Armour
   662 | D:2      | You fall into a shaft and drop 2 floors!
   662 | D:4      | Found Doasch's Armour Shoppe.
   712 | D:4      | Noticed Ijyb
   716 | D:4      | Reached XP level 3. HP: 33/33 MP: 2/2
   724 | D:4      | Killed Ijyb
   776 | D:4      | Reached XP level 4. HP: 40/40 MP: 3/3
   896 | D:4      | Found a shimmering altar of Xom.
   903 | D:4      | Found a glowing silver altar of Zin.
   905 | D:4      | Found a radiant altar of Vehumet.
   905 | D:4      | Found a blossoming altar of Fedhas.
   905 | D:4      | Found an ancient bone altar of Kikubaaqudgha.
   905 | D:4      | Found an ornate altar of the Wu Jian Council.
   932 | D:4      | Reached XP level 5. HP: 33/47 MP: 4/4
  1194 | D:5      | Entered Level 5 of the Dungeon
  1224 | D:4      | Reached skill level 5 in Armour
  1539 | D:4      | Slain by an orc priest

Illustrated notes

Levels and vault maps discovered:
D:1:      nzn_arrival_depleted_hourglass, layout_rooms
D:2:      layout_loops_cross
D:4:      kennysheep_the_goblin_king, layout_basic, grunt_temple_overflow_open,
          serial_shops, shop
D:5:      layout_cave_pods, serial_shops, kennysheep_little_box

Skill      XL: |  1  2  3  4  5 |
---------------+----------------+-----
Armour         | 4 5 |  5.1
Fighting       | 4 |  4.5
Shields        | 4 |  4.4
Axes           | 3 4 |  4.0
Dodging        | |  0.3

Action                   |  1- 3 |  4- 6 || total
-------------------------+-------+-------++-------
Melee: War axe           |    41 |    40 ||    81
       Headbutt          |     6 |     4 ||    10
Throw: Dart              |     1 |       ||     1
  Use: Potion            |       |     3 ||     3
Armor: Scale mail        |    20 |    32 ||    52
Dodge: Dodged            |     9 |    16 ||    25
Block: Kite shield       |    17 |    24 ||    41

Table legend: (Time is in decaauts)
 A = Elapsed time spent in this place.
 B = Non-inter-level travel time spent in this place.
 C = Inter-level travel time spent in this place.
 D = Time resting spent in this place.
 E = Time spent auto-exploring this place.
 F = Levels seen in this place.
 G = Mean time per level.
                   A        B        C        D        E       F      G
               +--------+--------+--------+--------+--------+-----+--------+
         Total |   1585 |   1577 |      8 |    300 |    904 |   4 |  396.2 |
       Dungeon |   1585 |   1577 |      8 |    300 |    904 |   4 |  396.2 |
               +--------+--------+--------+--------+--------+-----+--------+

Top non-repeatable levels by time:
     D:4: 907 daAuts
     D:1: 616 daAuts
     D:2: 55 daAuts
     D:5: 6 daAuts
